 Dungeon Crawl Stone Soup version 0.30-a0-691-g754fce4c43 (webtiles) character file.

Game seed: 16616830787159818911

49 BigDaddyOpFi the Trooper (level 3, -16/33 HPs)
             Began as a Draconian Fighter on Jan 19, 2023.
             Demolished by Crazy Yiuf
             ... wielding a +2 quarterstaff of chaos
              (18 damage)
             ... on level 2 of the Dungeon.
             The game lasted 00:01:28 (1122 turns).

BigDaddyOpFi the Trooper (Draconian Fighter)        Turns: 1122, Time: 00:01:28

Health: -16/33     AC:  5    Str: 20    XL:     3   Next: 53%
Magic:  3/3        EV: 12    Int:  8    God:
Gold:   126        SH:  4    Dex: 10    Spells: 2/2 levels left

rFire   . . .      SeeInvis .    a - +0 war axe
rCold   . . .      Faith    .    b - +0 buckler
rNeg    . . .      Spirit   .    (body armour unavailable)
rPois   .          Reflect  .    (helmet restricted)
rElec   .          Harm     .    (no cloak)
rCorr   .          Rampage  .    (no gloves)
Will    .....                    (no boots)
Stlth   +                        (no amulet)
HPRegen 0.25/turn                (no ring)
MPRegen 0.08/turn                (no ring)

@: brilliant
A: AC +5, unfitting armour, cold-blooded
a: no special abilities


You were on level 2 of the Dungeon.
You visited 1 branch of the dungeon, and saw 4 of its levels.

You collected 126 gold pieces.

Inventory:

Hand Weapons
 a - a +0 war axe (weapon)
Armour
 b - a +0 buckler (worn)
Jewellery
 c - a ring of protection from cold
 f - an amulet of the acrobat
 l - an amulet of magic regeneration
Scrolls
 g - a scroll of identify {unknown}
 h - a scroll of blinking {unknown}
 i - a scroll of noise {unknown}
 j - a scroll of fog {unknown}
 k - a scroll of fear {unknown}


   Skills:
 + Level 3.8 Fighting
 + Level 2.6 Axes
 + Level 3.1 Dodging
 + Level 3.4 Shields


You had 2 spell levels left.
You didn't know any spells.
Your spell library was empty.

Dungeon Overview and Level Annotations

Branches:
Dungeon (4/15)
 Temple: D:4-7

Altars:

Annotations:
D:2 1 runed translucent door, Crazy Yiuf


Innate Abilities, Weirdness & Mutations

Your plain brown scales are hard. (AC +5)
You cannot fit into any form of body armour.
You are cold-blooded and may be slowed by cold attacks.


Message History

You block the bat's attack. The adder bites you but does no damage.
You closely miss the adder. You slash the bat!
You kill the bat!
You hit the goblin. You hit the worm.
You feel sick.
You are no longer poisoned.
The goblin completely misses you. The adder barely misses you.
The goblin splashes around in the water.
The worm bites you.
You are too injured to fight recklessly!
You are too injured to fight recklessly!
You are too injured to fight recklessly!
You are too injured to fight recklessly!
You are too injured to fight recklessly!
You are too injured to fight recklessly!
You are too injured to fight recklessly!
You are too injured to fight recklessly!
You are too injured to fight recklessly!
You are too injured to fight recklessly!
You are too injured to fight recklessly!
You are too injured to fight recklessly!
It was a potion of brilliance.
You feel clever all of a sudden. The adder bites you but does no damage.
You block the goblin's attack. The adder bites you.
* * * LOW HITPOINT WARNING * * *
As you read the scroll labelled VEPHYE TIUNK, it crumbles to dust.
You feel strangely unstable.
It was a scroll of teleportation.
The adder bites you but does no damage. The goblin hits you but does no damage.
You block the worm's attack. The adder barely misses you.
Your surroundings suddenly seem different.
Crazy Yiuf the Enlightened comes into view.
He is wielding a +2 quarterstaff of chaos.
Found a glowing hammer.
Found a runed translucent door.
Crazy Yiuf shouts!
Crazy Yiuf closely misses you.
Crazy Yiuf hits you with a +2 quarterstaff of chaos.
* * * LOW HITPOINT WARNING * * *
Space warps horribly around you!!
Ouch! That really hurt!
You die...

#...#PP.~P.
##.### #####
♣ #..# .
#..## .♣♣
#...########
♣.♣
#..........†
##+##
#...###.####
#...# #..##
#.# #.@.#
#.## #.#
#.g)# ###
#.# #####
#.####
#..... ###
### ###
#..### ##.#
#.# #.#
##..### #..#
#.# #.#
#......
#..###.# #.#
##...###
#...)..# #.#
#.......


You could see Crazy Yiuf.

Vanquished Creatures
  A gnoll (D:2)
  A dart slug (D:1)
  An orc (D:3)
  4 ball pythons
  3 endoplasms
  3 goblins
  3 hobgoblins (D:1)
  5 kobolds
  2 quokkas
  5 bats
  4 frilled lizards
  6 rats
38 creatures vanquished.

Vanquished Creatures (others)
  16 plants (D:2)
16 creatures vanquished.

Grand Total: 54 creatures vanquished

Notes
Turn   | Place    | Note
-------+----------+-------------------------------------------
     0 | D:1      | BigDaddyOpFi the Draconian Fighter began the quest for the
                  | Orb.
     0 | D:1      | Reached XP level 1. HP: 19/19 MP: 1/1
   118 | D:1      | Reached XP level 2. HP: 19/26 MP: 2/2
   679 | D:2      | Reached XP level 3. HP: 22/32 MP: 3/3
   817 | D:2      | You fall into a shaft and drop 2 floors!
  1122 | D:2      | Found a runed translucent door.
  1122 | D:2      | Noticed Crazy Yiuf
  1122 | D:2      | Demolished by Crazy Yiuf

Illustrated notes

Levels and vault maps discovered:
D:1:      mushboom_english_gardens, layout_loops_ring
D:2:      layout_loops_ring, serial_bayou, serial_bayou_pond_c,
          serial_bayou_lagoon_a, serial_bayou_pond_b, serial_bayou_pond_d,
          serial_bayou_pond_d, kennysheep_decorative_pillar,
          guppyfry_early_lair_pool, uniq_crazy_yiuf_cottage
D:3:      layout_loops_ring, good_gods_temple_1,
          gammafunk_temple_overflow_pools, nicolae_grassy_gnolls, uniq_ijyb
D:4:      gammafunk_cloud_chamber, layout_loops_ring, hangedman_decor_slide_cut

Skill      XL: |  1  2 |
---------------+-------+-----
Dodging        | 3 |  3.1
Fighting       | |  3.8
Axes           | |  2.6
Shields        | |  3.4

Action                   || total
-------------------------++-------
Melee: War axe           ||   109
       Tailslap          ||    12
  Use: Potion            ||     2
       Scroll            ||     1
 Stab: Sleeping          ||     1
Armor: Skin              ||    49
Dodge: Dodged            ||    77
Block: Buckler           ||    39

Table legend: (Time is in decaauts)
 A = Elapsed time spent in this place.
 B = Non-inter-level travel time spent in this place.
 C = Inter-level travel time spent in this place.
 D = Time resting spent in this place.
 E = Time spent auto-exploring this place.
 F = Levels seen in this place.
 G = Mean time per level.
                   A        B        C        D        E       F      G
               +--------+--------+--------+--------+--------+-----+--------+
         Total |   1173 |   1136 |     37 |      0 |    848 |   4 |  293.2 |
       Dungeon |   1173 |   1136 |     37 |      0 |    848 |   4 |  293.2 |
               +--------+--------+--------+--------+--------+-----+--------+

Top non-repeatable levels by time:
     D:1: 662 daAuts
     D:2: 469 daAuts
     D:3: 30 daAuts
     D:4: 11 daAuts
